 Dungeon Crawl Stone Soup version 0.31-a0-83-gbff143cfd1 (webtiles) character file.

Game seed: 8705567740035121258

119 AlmostDecent the Magician (level 5, -1/37 HPs)
             Began as a Djinni Conjurer on May 24, 2023.
             Slain by a gnoll
             ... wielding a +0 whip
              (2 damage)
             ... on level 3 of the Dungeon.
             The game lasted 00:06:45 (1207 turns).

AlmostDecent the Magician (Djinni Conjurer)         Turns: 1207, Time: 00:06:46

Health: -1/37      AC:  3    Str:  6    XL:     5   Next: 24%
Gold:   60         EV: 12    Int: 22    God:
                   SH:  0    Dex: 11

rFire   + + .        e - +0 short sword
rCold   x . .        (no shield)
rNeg    . . .        a - +0 robe
rPois   ∞            (no helmet)
rElec   .            h - +0 cloak
rCorr   .            (no gloves)
SInv    .            (boots unavailable)
Will    .....        (no amulet)
Stlth   ++           (no ring)
HPRegen 0.26/turn    (no ring)
MPRegen 0.00/turn

%: infuse magic (-2 HP)
@: mighty, brilliant, on blink cooldown, flying
A: sickness immunity, fire resistance 2, cold vulnerability 1, float, innate
caster, HP casting, extra vitality 1
a: no special abilities


You were on level 3 of the Dungeon.
You visited 1 branch of the dungeon, and saw 3 of its levels.

You collected 60 gold pieces.

Inventory:

Hand Weapons
 e - a +0 short sword (weapon)
Armour
 a - a +0 robe (worn)
 h - a +0 cloak (worn)
Scrolls
 b - 6 scrolls of identify {unknown}
 c - 4 scrolls of immolation {unknown}
 f - a scroll of teleportation {unknown}
 i - a scroll of enchant weapon {unknown}
Potions
 g - a potion of might


   Skills:
 * Level 1.2 Fighting
 - Level 3.4 Dodging
 - Level 2.4 Stealth
 * Level 4.0 Spellcasting
 * Level 4.0 Conjurations
 * Level 4.0 Hexes
 * Level 4.0 Summonings
 * Level 4.0 Necromancy
 * Level 4.0 Translocations
 * Level 4.0 Transmutations
 * Level 4.0 Fire Magic
 * Level 4.0 Ice Magic
 * Level 4.0 Air Magic
 * Level 4.0 Earth Magic
 * Level 4.0 Poison Magic


You knew the following spells:

 Your Spells              Type           Power      Damage    Failure   Level
a - Magic Dart            Conj           100%       1d8       2%          1
b - Searing Ray           Conj           66%        2d6       3%          2
c - Dazzling Flash        Conj/Hex       58%        N/A       8%          3
d - Fulminant Prism       Conj/Hex       14%        3d9       26%         4
e - Iskenderun's Mystic   Conj/Tloc      29%        2d7       26%         4
f - Kiss of Death         Conj/Necr      100%       2d13      2%          1
g - Blink                 Tloc           66%        N/A       3%          2
Your spell library was empty.

Dungeon Overview and Level Annotations

Branches:
Dungeon (3/15)

Altars:


Innate Abilities, Weirdness & Mutations

You are immune to sickness and miasma.
You are immune to poison.
Your flesh is very heat resistant. (rF++)
You are vulnerable to cold. (rC-)
You float through the air rather than walking.
You learn spells naturally, not from books.
Your magical power is your life essence.
You have superior vitality. (+4 MHP)


Message History

Your Hexes skill increases to level 4!
Your Summonings skill increases to level 4!
Your Necromancy skill increases to level 4!
Your Translocations skill increases to level 4!
Your Transmutations skill increases to level 4!
Your Fire Magic skill increases to level 4!
Your Ice Magic skill increases to level 4!
Your Air Magic skill increases to level 4!
Your Earth Magic skill increases to level 4!
Your Poison Magic skill increases to level 4!
Casting: Searing Ray (safe; 3% risk of failure)
Confirm with . or Enter, or press ? or * to list all spells.
Restarting spell: Searing Ray (safe; 3% risk of failure)
Press: ? - help, Shift-Dir - straight line, f - gnoll
Aim: a gnoll, wielding a +0 whip (83% to hit)
You feel a surge of power!
The searing ray hits the gnoll.
The gnoll is heavily wounded. (Press . to maintain the ray.)
* * * LOW HITPOINT WARNING * * *
The gnoll closely misses you.
The searing ray hits the gnoll but does no damage.
The gnoll is heavily wounded.
* * * LOW HITPOINT WARNING * * *
The gnoll hits you with a +0 whip.
* * * LOW HITPOINT WARNING * * *
The searing ray misses the gnoll.
* * * LOW HITPOINT WARNING * * *
The gnoll completely misses you.
The searing ray hits the gnoll.
The gnoll is severely wounded.
* * * LOW HITPOINT WARNING * * *
You finish channelling your searing ray.
The gnoll hits you with a +0 whip.
* * * LOW HITPOINT WARNING * * *
Casting: Searing Ray (safe; 3% risk of failure)
Confirm with . or Enter, or press ? or * to list all spells.
You feel a surge of power!
You blink.
* * * LOW HITPOINT WARNING * * *
The gnoll hits you with a +0 whip.
You die...

######
#.g@<#..#
#§).)...#
#.#####.....
### #... ..


You could see a gnoll.

Vanquished Creatures
  2 gnolls (D:3)
  5 adders
  A worm (D:2)
  2 dart slugs (D:1)
  4 ball pythons
  4 bats (D:1)
  3 endoplasms (D:1)
  4 giant cockroaches
  7 goblins
  3 hobgoblins
  3 kobolds
  A quokka (D:1)
  3 frilled lizards (D:1)
  8 rats
50 creatures vanquished.

Notes
Turn   | Place    | Note
-------+----------+-------------------------------------------
     0 | D:1      | AlmostDecent the Djinni Conjurer began the quest for the
                  | Orb.
     0 | D:1      | AlmostDecent set off with the following spells memorised:
                  | Magic Dart, Searing Ray, Dazzling Flash, Fulminant Prism,
                  | Iskenderun's Mystic Blast.
     0 | D:1      | Reached XP level 1. HP: 15/15 MP: 0/0
   124 | D:1      | Reached XP level 2. HP: 19/21 MP: 0/0
   264 | D:1      | Reached XP level 3. HP: 20/25 MP: 0/0
   264 | D:1      | Learned a level 1 spell: Kiss of Death
   784 | D:2      | Reached XP level 4. HP: 30/31 MP: 0/0
  1179 | D:3      | Reached XP level 5. HP: 33/36 MP: 0/0
  1179 | D:3      | Learned a level 2 spell: Blink
  1192 | D:3      | Reached skill level 1 in Fighting
  1207 | D:3      | Slain by a gnoll

Illustrated notes

Levels and vault maps discovered:
D:1:      minmay_arrival_doors, layout_rooms
D:2:      layout_rooms, grunt_decor_junction
D:3:      layout_basic, kennysheep_nub

Skill      XL: |  1  2  3  4  5 |
---------------+----------------+-----
Stealth        | 2 |  2.4
Dodging        | 3 |  3.4
Fighting       | 1 |  1.2
Spellcasting   | 4 |  4.0
Conjurations   | 4 |  4.0
Hexes          | 4 |  4.0
Summonings     | 4 |  4.0
Necromancy     | 4 |  4.0
Translocations | 4 |  4.0
Transmutations | 4 |  4.0
Fire Magic     | 4 |  4.0
Ice Magic      | 4 |  4.0
Air Magic      | 4 |  4.0
Earth Magic    | 4 |  4.0
Poison Magic   | 4 |  4.0

Action                     |  1- 3 |  4- 6 || total
---------------------------+-------+-------++-------
  Melee: Short sword       |       |     1 ||     1
   Cast: Magic Dart        |    65 |    43 ||   108
         Blink             |       |     2 ||     2
         Searing Ray       |       |     2 ||     2
    Use: Potion            |       |     2 ||     2
 Armour: Robe              |     2 |     1 ||     3
  Dodge: Dodged            |     6 |    15 ||    21

Table legend: (Time is in decaauts)
 A = Elapsed time spent in this place.
 B = Non-inter-level travel time spent in this place.
 C = Inter-level travel time spent in this place.
 D = Time resting spent in this place.
 E = Time spent auto-exploring this place.
 F = Levels seen in this place.
 G = Mean time per level.
                   A        B        C        D        E       F      G
               +--------+--------+--------+--------+--------+-----+--------+
         Total |   1206 |   1155 |     51 |      0 |    960 |   3 |  402.0 |
       Dungeon |   1206 |   1155 |     51 |      0 |    960 |   3 |  402.0 |
               +--------+--------+--------+--------+--------+-----+--------+

Top non-repeatable levels by time:
     D:1: 707 daAuts
     D:2: 461 daAuts
     D:3: 37 daAuts
